 Dungeon Crawl Stone Soup version 0.24.0-123-gd5b16e6ec5 (webtiles) character file.

Game seed: 14561522916289978885, levelgen mode: deterministic

637541 Peloso the Minotaur Barricade (level 27, -11/272 (273) HPs)
             Began as a Minotaur Fighter on Dec 29, 2019.
             Was a High Priest of Okawaru.
             Mangled by an acid blob (14 damage)
             ... created by the Royal Jelly
             ... while paralysed
             ... on level 5 of the Pits of Slime.
             The game lasted 04:44:16 (77183 turns).

Peloso the Minotaur Barricade (Minotaur Fighter)   Turns: 77183, Time: 04:44:16

HP:   -11/272 (273) AC: 35    Str: 41    XL:     27
MP:   25/25         EV:  2    Int: 10    God:    Okawaru [*****.]
Gold: 7396          SH:  0    Dex: 15    Spells: 26/26 levels left

rFire    . . .     SeeInvis +   a - +9 double sword (flame)
rCold    . . .     Gourm    +   c - +3 large shield {reflect}
rNeg     . . .     Faith    .   R - +10 crystal plate armour of Qiwyxom {Int+3}
rPois    +         Spirit   .   M - +2 hat {SInv}
rElec    .         Reflect  +   U - scarf {cloud immunity}
rCorr    +         Harm     .   r - +2 pair of gloves {Str+3}
MR       ++...                  A - +1 pair of boots {run}
Stlth    ..........             q - amulet of Qynauh {Gourm rPois Str+7}
HPRegen  0.55/turn              i - ring "Nyugosoe" {AC+5 Slay+4 SInv}
MPRegen  0.19/turn              h - ring of resist corrosion

@: paralysed, corroded, berserk cooldown, hasted and slowed, quick
A: retaliatory headbutt, horns 2, agile 1, clever 1, sturdy frame 1
}: 3/15 runes: decaying, silver, gossamer
a: Heroism, Finesse, Renounce Religion


You were on level 5 of the Pits of Slime.
You worshipped Okawaru.
Okawaru was extremely pleased with you.
You were not hungry.

You visited 11 branches of the dungeon, and saw 53 of its levels.
You visited the Abyss 6 times.
You also visited: Bailey, Gauntlet and Ice Cave.

You collected 9464 gold pieces.
You spent 2068 gold pieces at shops.

Inventory:

Hand Weapons
 a - a +9 double sword of flaming (weapon)
 b - the +9 sword of Zonguldrok {reap}
   (You found it on level 3 of the Crypt)

   If a monster killed with it leaves a corpse in good enough shape, the corpse
   will be animated as a zombie friendly to the killer.
 n - a +4 vampiric demon blade
Armour
 c - a +3 large shield of reflection (worn)
 r - a +2 pair of gloves of strength (worn)
 A - a +1 pair of boots of running (worn)
 M - a +2 hat of see invisible (worn)
 R - the +10 crystal plate armour of Qiwyxom (worn) {Int+3}
   (Okawaru gifted it to you on level 5 of the Lair of Beasts)

   It affects your intelligence (+3).
 U - a scarf of cloud immunity (worn)
Jewellery
 h - a ring of resist corrosion (right hand)
 i - the ring "Nyugosoe" (left hand) {AC+5 Slay+4 SInv}
   (You bought it in a shop on level 2 of the Orcish Mines)

   [ring of protection]

   It affects your AC (+5).
   It affects your accuracy and damage with ranged weapons and melee attacks
   (+4).
   It lets you see invisible.
 p - the ring of the King {+Blink rF+ rN+++ Dex-4 SInv}
   (You found it on level 1 of the Depths)

   [ring of protection from fire]

   It affects your dexterity (-4).
   It protects you from fire.
   It renders you almost immune to negative energy.
   It lets you see invisible.
   It lets you blink.
 q - the amulet of Qynauh (around neck) {Gourm rPois Str+7}
   (You found it on level 2 of the Abyss)

   [amulet of the gourmand]

   It allows you to eat raw meat even when not hungry.
   It affects your strength (+7).
   It protects you from poison.
 D - the ring "Cayrhyucw" {rF+++ rC- Str+4 Dex+4}
   (You found it on level 1 of the Elven Halls)

   [ring of strength]

   It affects your strength (+4).
   It affects your dexterity (+4).
   It renders you almost immune to fire.
   It makes you vulnerable to cold.
 G - the brooch of Shielding {Reflect SH+8}
   (You took it off a deep elf death mage on level 3 of the Elven Halls)

   [amulet of reflection]

   It shields you and reflects attacks.
   It affects your SH (+8).
 I - the ring "Noj Fuvu" {rPois rC+ rN+ Int+2 Dex+3 Stlth+}
   (You took it off a minotaur in a Gauntlet)

   [ring of intelligence]

   It affects your intelligence (+2).
   It affects your dexterity (+3).
   It protects you from cold.
   It protects you from poison.
   It protects you from negative energy.
   It makes you more stealthy.
 O - the ring "Gaixitz" {rF++ rC+}
   (You took it off a deep elf master archer on level 3 of the Elven Halls)

   [ring of protection from cold]

   It greatly protects you from fire.
   It protects you from cold.
Wands
 B - a wand of digging (1)
Scrolls
 j - 25 scrolls of teleportation
 l - 10 scrolls of noise
 m - 12 scrolls of identify
 s - 9 scrolls of blinking
 C - 22 scrolls of remove curse
 W - 3 scrolls of magic mapping
Potions
 e - 15 potions of curing
 g - 4 potions of agility
 o - 8 potions of heal wounds
 u - a potion of berserk rage
 x - 7 potions of haste
 z - 5 potions of mutation
 E - 7 potions of flight
 S - 4 potions of resistance
 V - 3 potions of might
Comestibles
 f - 66 rations


   Skills:
 O Level 27 Fighting
 O Level 27 Long Blades
 + Level 26.9 Armour
 + Level 6.0 Dodging
 + Level 3.0 Stealth
 O Level 27 Shields
 + Level 0.6 Unarmed Combat
 + Level 4.7 Invocations
 + Level 4.0 Evocations


You had 26 spell levels left.
You didn't know any spells.
Your spell library contained the following spells:

 Spells                   Type           Power        Failure   Level  Hunger
 Animate Skeleton         Necr           N/A          71%         1    ##.....
 Apportation              Tloc           #.....       71%         1    ##.....
 Beastly Appendage        Tmut           #.....       71%         1    ##.....
 Confusing Touch          Hex            #.....       71%         1    ##.....
 Corona                   Hex            #......      71%         1    ##.....
 Flame Tongue             Conj/Fire      #....        71%         1    ##.....
 Magic Dart               Conj           #...         71%         1    ##.....
 Pain                     Necr           #...         71%         1    ##.....
 Sandblast                Erth           #.....       71%         1    ##.....
 Shock                    Conj/Air       #...         71%         1    ##.....
 Sting                    Conj/Pois      #...         71%         1    ##.....
 Summon Butterflies       Summ           #.......     71%         1    ##.....
 Blink                    Tloc           N/A          85%         2    ###....
 Call Imp                 Summ           #.......     85%         2    ###....
 Ensorcelled Hibernation  Hex/Ice        #.....       85%         2    ###....
 Passwall                 Tmut/Erth      #.......     85%         2    ###....
 Poisonous Vapours        Pois/Air       #.....       85%         2    ###....
 Searing Ray              Conj           #.....       85%         2    ###....
 Slow                     Hex            #.......     85%         2    ###....
 Sticks to Snakes         Tmut           #.......     85%         2    ###....
 Swiftness                Chrm/Air       #.......     85%         2    ###....
 Throw Flame              Conj/Fire      #.....       85%         2    ###....
 Call Canine Familiar     Summ           #.......     97%         3    ####...
 Confuse                  Hex            #.......     97%         3    ####...
 Conjure Flame            Conj/Fire      #.......     97%         3    ####...
 Dazzling Spray           Conj/Hex       #.....       97%         3    ####...
 Gell's Gravitas          Tloc           #.........   97%         3    ####...
 Ignite Poison            Fire/Tmut/Pois #.......     97%         3    ####...
 Inner Flame              Hex/Fire       #.......     97%         3    ####...
 Lesser Beckoning         Tloc           #.........   97%         3    ####...
 Mephitic Cloud           Conj/Pois/Air  #.......     97%         3    ####...
 Portal Projectile        Hex/Tloc       #.....       97%         3    ####...
 Regeneration             Chrm/Necr      #.........   97%         3    ####...
 Spider Form              Tmut/Pois      #.........   97%         3    ####...
 Static Discharge         Conj/Air       #.......     97%         3    ####...
 Stone Arrow              Conj/Erth      #.....       97%         3    ####...
 Tukima's Dance           Hex            #.......     97%         3    ####...
 Vampiric Draining        Necr           #.........   97%         3    ####...
 Airstrike                Air            #.........   100%        4    #####..
 Animate Dead             Necr           N/A          100%        4    #####..
 Cause Fear               Hex            #.........   100%        4    #####..
 Force Lance              Conj/Tloc      #.......     100%        4    #####..
 Fulminant Prism          Conj/Hex       #.........   100%        4    #####..
 Ice Form                 Ice/Tmut       #.......     100%        4    #####..
 Iskenderun's Mystic Bla  Conj           #.......     100%        4    #####..
 Leda's Liquefaction      Hex/Erth       #.........   100%        4    #####..
 Olgreb's Toxic Radiance  Pois           #.......     100%        4    #####..
 Petrify                  Tmut/Erth      #.......     100%        4    #####..
 Sticky Flame             Conj/Fire      #.......     100%        4    #####..
 Summon Ice Beast         Ice/Summ       #.......     100%        4    #####..
 Summon Lightning Spire   Summ/Air       #.......     100%        4    #####..
 Alistair's Intoxication  Tmut/Pois      #.......     100%        5    ######.
 Blade Hands              Tmut           #.........   100%        5    ######.
 Borgnjor's Vile Clutch   Necr/Erth      #.........   100%        5    ######.
 Fireball                 Conj/Fire      #.........   100%        5    ######.
 Irradiate                Conj/Tmut      #.........   100%        5    ######.
 Lee's Rapid Deconstruct  Erth           #.........   100%        5    ######.
 Lightning Bolt           Conj/Air       #.........   100%        5    ######.
 Metabolic Englaciation   Hex/Ice        #.........   100%        5    ######.
 Silence                  Hex/Air        #.........   100%        5    ######.
 Summon Mana Viper        Hex/Summ       #.......     100%        5    ######.
 Yara's Violent Unravell  Hex/Tmut       #.........   100%        5    ######.
 Bolt of Cold             Conj/Ice       #.........   100%        6    #######
 Bolt of Fire             Conj/Fire      #.........   100%        6    #######
 Conjure Ball Lightning   Conj/Air       #.........   100%        6    #######
 Darkness                 Hex            #.........   100%        6    #######
 Deflect Missiles         Chrm/Air       #.........   100%        6    #######
 Dispersal                Tloc           #.........   100%        6    #######
 Freezing Cloud           Conj/Ice/Air   #.........   100%        6    #######
 Hydra Form               Tmut           #.........   100%        6    #######
 Invisibility             Hex            #.......     100%        6    #######
 Iron Shot                Conj/Erth      #.........   100%        6    #######
 Shadow Creatures         Summ           N/A          100%        6    #######
 Simulacrum               Ice/Necr       #.........   100%        6    #######
 Statue Form              Tmut/Erth      #........    100%        6    #######
 Dragon Form              Tmut           #.........   100%        7    #######
 Malign Gateway           Summ/Tloc      #.........   100%        7    #######
 Monstrous Menagerie      Summ           #.........   100%        7    #######
 Ring of Flames           Chrm/Fire      #.........   100%        7    #######
 Summon Greater Demon     Summ           #.........   100%        7    #######
 Summon Hydra             Summ           #.........   100%        7    #######
 Controlled Blink         Tloc           N/A          100%        8    #######
 Discord                  Hex            #.........   100%        8    #######
 Disjunction              Tloc           #.........   100%        8    #######
 Ignition                 Fire           #.........   100%        8    #######
 Summon Horrible Things   Summ           #.........   100%        8    #######
 Dragon's Call            Summ           #.........   100%        9    #######
 Tornado                  Air            #.........   100%        9    #######


Dungeon Overview and Level Annotations

Branches:
Dungeon (15/15)            Temple (1/1) D:7            Lair (6/6) D:9
  Swamp (4/4) Lair:2       Spider (4/4) Lair:4        Slime (5/5) Lair:6
    Orc (2/2) D:12            Elf (3/3) Orc:2        Vaults (5/5) D:13
  Crypt (3/3) Vaults:3       Tomb (0/3) Crypt:3      Depths (5/5) D:15
    Zot (0/5) Depths:5     Bailey (visited)           IceCv (visited)
Gauntlet (visited)

Altars:
Ashenzari
Cheibriados
Dithmenos
Elyvilon
Fedhas
Gozag
Hepliaklqana
Kikubaaqudgha
Makhleb
Okawaru
Qazlal
Ru
Sif Muna
Trog
Uskayaw
Vehumet
Wu Jian
Xom
Yredelemnul
Zin
The Shining One
Beogh
Jiyva

Shops:
D:5 (?(![   Orc:2 =(==   Elf:1 !**%%   Elf:2 [   Vaults:1 (   Vaults:2 }
Depths:1 =}=   Depths:3 [

Portals:
Hell: Depths:1 Depths:2 Depths:3 Depths:4 Depths:5
Abyss: Depths:1 Depths:4 Depths:5
Pandemonium: Depths:3
Ziggurat: Depths:4

Annotations:
Spider:1 2 runed translucent doors, Tycsat's ghost, journeyman GnSk
Vaults:3 8 runed translucent doors, Xafer's ghost, adept DsGl


Innate Abilities, Weirdness & Mutations

You reflexively headbutt those who attack you in melee.
You have a pair of horns on your head.
You are agile. (Dex +2)
Your mind is acute. (Int +2)
Your movements are slightly less encumbered by armour. (ER -2)


Message History

* * * LOW HITPOINT WARNING * * *
The acid blob hits you!
* * * LOW HITPOINT WARNING * * *
You are splashed with acid.
You resist.
* * * LOW HITPOINT WARNING * * *
The acid blob hits you!
* * * LOW HITPOINT WARNING * * *
You are splashed with acid.
You resist.
* * * LOW HITPOINT WARNING * * *
The death ooze hits you but does no damage. x2
A large slime creature splits.
The death ooze hits you but does no damage.
The death ooze barely misses you. The acid blob spits acid at you.
The splash of acid hits you but does no damage.
The acid corrodes you!
You are splashed with acid.
You resist.
* * * LOW HITPOINT WARNING * * *
The acid blob hits you but does no damage.
The acid blob hits you!
You die...

......... ..........
...........
...........##
.............# ##J.
............JJ#GJJJ.
...........JJJJJJ#
...........JJ@#
.............J.#
................##
..................##
...................#
....................#
#....................#
#....................#
##....................


You could see 4 acid blobs, 2 azure jellies, a great orb of eyes, 2 slime
creatures and 7 death oozes.

Vanquished Creatures
  the Royal Jelly (Slime:5)
  Khufu (Crypt:1)
  3 ancient liches
  Mara (Elf:3)
  Mennas (Depths:3)
  A juggernaut (Depths:4)
  3 greater mummies
  Sojobo (Vaults:1)
  Xtahua (Crypt:1)
  Saint Roka (Elf:2)
  3 caustic shrikes (Depths:5)
  Nikola (Swamp:1)
  6 golden dragons
  A profane servitor (Abyss:2)
  A bone dragon (Depths:5)
  2 tentacled monstrosities
  9 liches
  Rupert (Lair:6)
  2 deep elf blademasters (Elf:3)
  A quicksilver dragon (Depths:2)
  5 titans
  17 acid blobs
  Gastronok (D:9)
  2 deep elf master archers (Elf:3)
  4 ancient champions (Crypt:2)
  4 tentacled starspawn
  The ghost of topse86 the Unseen, an adept NaEn of Ru (Depths:1)
  3 sphinxes
  A thorn hunter (Swamp:4)
  16 tengu reavers
  Agnes (Vaults:1)
  Kirke (D:15)
  A draconian monk (Depths:1)
  4 shadow dragons
  3 storm dragons
  8 azure jellies
  Donald (Spider:2)
  4 revenants
  13 fire giants
  A balrug (Depths:3)
  13 vault wardens
  11 frost giants
  An iron dragon (Depths:1)
  6 deep elf sorcerers
  The ghost of Cuth the Cleaver, a journeyman DDFi of Makhleb (Spider:4)
  Louise (D:14)
  7 emperor scorpions
  Aizul (Crypt:1)
  8 deep elf elementalists
  A draconian knight (Depths:1)
  3 ghost moths (Spider:4)
  6 draconian stormcallers
  3 curse skulls
  2 draconian annihilators
  6 reapers
  17 ironheart preservers
  A cacodemon (Abyss:3)
  9 ghouls
  25 stone giants
  39 very ugly things
  A green draconian (Depths:5)
  3 war gargoyles
  7 entropy weavers
  9 deep elf demonologists
  16 vampire knights
  A spriggan defender (Vaults:1)
  7 spark wasps
  A black draconian (Depths:5)
  2 purple draconians (Depths:5)
  A white draconian (Abyss:2)
  10 deep elf annihilators
  A lorocyproca (Abyss:3)
  15 eidola
  A minotaur (Gauntlet)
  Snorg (D:11)
  21 ettins
  18 deep elf death magi
  14 fire dragons
  5 jiangshi
  Fannar (D:11)
  7 deep elf high priests
  A mummy priest (Crypt:3)
  4 death oozes
  The ghost of Mayroecu the Fighter, a journeyman MiFi of Makhleb (D:11)
  A green death (Abyss:3)
  9 great orbs of eyes
  13 hydras
  17 yaktaur captains
  A fire dragon (shapeshifter) (Vaults:4)
  12 ice dragons
  Harold (Lair:2)
  A quicksilver dragon skeleton (Abyss:2)
  35 vault guards
  4 catoblepae
  5 rakshasas
  5 spriggan air magi
  13 centaur warriors
  5 death knights
  37 two-headed ogres
  18 alligators
  6 shambling mangroves
  25 dancing weapons
  12 deep troll shamans
  7 ogre magi
  5 death yaks (Lair:6)
  3 deep troll earth magi
  The ghost of Delamore the Severer, a novice HOFi of Okawaru (Orc:1)
  8 tengu warriors
  5 thrashing horrors
  3 vampire magi
  A soul eater (Crypt:3)
  9 spriggan berserkers
  A hell knight (Depths:3)
  2 sun demons (Depths:3)
  8 hell hogs
  30 deep elf knights
  13 large abominations
  2 wretched stars
  3 orc high priests (Orc:2)
  Sonja (Lair:2)
  2 fire crabs (Swamp:4)
  2 spatial maelstroms
  3 iron trolls (Depths:5)
  2 titan skeletons
  7 sixfirhies
  An unseen horror (shapeshifter) (Depths:5)
  19 deep trolls
  2 death drakes (Depths:1)
  4 shadow wraiths
  3 golden dragon zombies (Crypt:3)
  A swamp dragon (shapeshifter) (Depths:3)
  2 unseen horrors
  6 glowing orange brains
  10 swamp dragons
  9 ironbrand convokers
  18 skeletal warriors
  A storm dragon skeleton (Crypt:3)
  15 deep elf archers
  A spriggan druid (Swamp:4)
  7 flayed ghosts
  29 phantasmal warriors
  5 wizards
  3 lindwurms (Depths:1)
  18 orc knights
  2 shadow dragon zombies
  A harpy (shapeshifter) (Depths:4)
  2 stone giant zombies (Crypt:3)
  14 necromancers
  13 orb spiders
  A wolf spider zombie (Crypt:2)
  25 wolf spiders
  32 ugly things
  An oklob plant (Depths:1)
  3 frost giant zombies (Crypt:3)
  87 deep elf magi
  6 orc sorcerers
  A moth of wrath (shapeshifter) (Vaults:5)
  3 moths of wrath
  3 shining eyes
  3 fire giant zombies
  5 cyclopes
  5 manticores
  8 vault sentinels
  12 elephants
  A frost giant skeleton (Crypt:1)
  A guardian serpent (Abyss:2)
  4 stone giant skeletons
  6 ice statues
  A shock serpent zombie (Crypt:3)
  3 eyes of devastation
  5 smoke demons
  16 spiny frogs
  A spiny frog (shapeshifter) (Vaults:2)
  4 black mambas
  A molten gargoyle (Swamp:4)
  An orange demon (Abyss:3)
  2 torpor snails
  2 apocalypse crabs
  A minotaur zombie (Gauntlet)
  4 gargoyles
  A dire elephant skeleton (Crypt:3)
  A kobold demonologist (D:12)
  2 emperor scorpion zombies
  9 rime drakes
  A white draconian zombie (Crypt:1)
  6 komodo dragons
  14 hellwings
  12 freezing wraiths
  47 yaktaurs
  10 demonic crawlers
  A shock serpent skeleton (Abyss:2)
  A rime drake (shapeshifter) (Vaults:4)
  An efreet (D:14)
  A swamp worm zombie (Crypt:2)
  2 anaconda simulacra (IceCv)
  2 tengu conjurers
  3 ancient zymes
  9 trolls
  2 komodo dragons (shapeshifter)
  3 guardian mummies (Crypt:3)
  A polar bear (shapeshifter) (Vaults:4)
  A troll (shapeshifter) (Vaults:2)
  24 jumping spiders
  2 polar bears
  2 hornets (shapeshifter)
  A wind drake (shapeshifter) (Elf:1)
  17 tyrant leeches
  2 fire dragon zombies
  A tarantella zombie (Crypt:1)
  31 hornets
  An ice dragon zombie (Crypt:3)
  18 hippogriffs
  20 raiju
  A harpy skeleton (D:15)
  93 slime creatures
  3 blink frogs (Lair:3)
  10 bog bodies
  A satyr zombie (Crypt:1)
  8 dream sheep (Lair:5)
  12 flying skulls
  Sigmund (D:2)
  A dire elephant simulacrum (Abyss:2)
  A redback (shapeshifter) (Depths:5)
  A tarantella (shapeshifter) (Vaults:4)
  3 air elementals
  A centaur simulacrum (D:15)
  3 vampires (Vaults:3)
  77 redbacks
  6 water elementals
  8 wraiths
  5 shadows
  2 ettin skeletons (Crypt:3)
  3 fire elementals
  29 tarantellas
  2 ynoxinuls
  19 spriggans
  10 wyverns
  4 hogs (shapeshifter)
  6 golden eyes (Slime:2)
  3 hogs (D:14)
  A black mamba skeleton (Crypt:3)
  30 yaks
  8 basilisks
  3 chaos spawn (Abyss:2)
  15 small abominations
  2 steam dragons (Swamp:4)
  A hungry ghost (D:11)
  An iron troll simulacrum (IceCv)
  7 neqoxecs
  3 spatial vortices
  16 swamp worms
  17 vampire mosquitoes
  Edmund (D:4)
  9 wargs
  A deep troll zombie (Crypt:1)
  3 harpy simulacra (IceCv)
  10 insubstantial wisps
  3 hell hounds
  A soldier ant (shapeshifter) (Depths:2)
  A soldier ant (D:12)
  A merfolk zombie (Crypt:1)
  A spiny frog zombie (Crypt:3)
  A floating eye (Depths:5)
  An acid dragon (D:14)
  14 porcupines
  2 hydra simulacra (IceCv)
  13 water moccasins
  12 ice beasts
  41 orc warriors
  5 sky beasts
  2 snapping turtle zombies
  2 ettin simulacra
  2 black bears
  6 eyes of draining
  An ogre (shapeshifter) (Depths:5)
  16 swamp drakes
  3 phantoms
  26 ogres
  6 necrophages
  11 wolves (Lair:3)
  3 boggarts (Depths:1)
  A swamp dragon skeleton (Crypt:2)
  19 centaurs
  13 crocodiles
  A big kobold (D:10)
  13 bullfrogs
  A gnoll sergeant (D:9)
  7 earth elementals
  2 yaktaur skeletons (Crypt:1)
  A salamander skeleton (Crypt:1)
  A warg zombie (Crypt:2)
  A water moccasin zombie (Crypt:2)
  10 wyvern skeletons (Crypt:3)
  4 scorpions
  6 killer bees (D:7)
  8 wights
  3 howler monkeys
  3 electric eels
  13 starcursed masses (Abyss:3)
  10 crimson imps
  2 bullfrog zombies
  6 quasits
  9 centaur zombies
  7 hounds
  4 jellies
  29 orc priests
  29 orc wizards
  3 bullfrog skeletons
  6 centaur skeletons
  A human skeleton (Crypt:1)
  Jessica (D:3)
  A black bear skeleton (Crypt:2)
  4 iguanas
  Terence (D:2)
  Ijyb (D:5)
  11 worker ants
  A killer bee zombie (D:5)
  A hound zombie (D:9)
  3 worker ant zombies
  Robin (D:2)
  19 adders
  10 gnolls
  A swamp drake skeleton (Crypt:2)
  6 shadow imps
  A white imp (Abyss:2)
  An adder skeleton (D:5)
  2 adder zombies
  2 worms
  6 leopard geckos
  132 orcs
  4 ball pythons
  10 bats
  8 giant cockroaches
  9 hobgoblins
  12 jackals
  11 kobolds
  5 quokkas
  5 frilled lizards
  15 goblins
  A goblin zombie (Crypt:1)
  A leopard gecko skeleton (D:9)
  8 rats
  A rat (shapeshifter) (Vaults:5)
  A spectral orc (D:6)
  A briar patch (Swamp:4)
  A crawling corpse (Elf:3)
  2 fungi (Lair:1)
  3 plants
  2 starspawn tentacles (Abyss:4)
  3 withered plants (Crypt:3)
2598 creatures vanquished.

Vanquished Creatures (others)
  2 fire giants
  2 stone giants
  2 yaktaur captains
  A hydra (Swamp:4)
  An ogre mage (Vaults:5)
  6 deep elf archers
  2 deep elf magi (Elf:1)
  A necromancer (Crypt:2)
  A lindwurm (Swamp:4)
  A cyclops (Vaults:2)
  17 yaktaurs
  A hornet (Depths:5)
  A hippogriff (D:14)
  3 humans (D:15)
  4 steam dragons (Swamp:4)
  A swamp worm (Swamp:3)
  A hell hound (Elf:3)
  A swamp drake (Swamp:4)
  2 centaurs (Vaults:3)
  An orc priest (Orc:2)
  2 orc wizards
  6 fungi
  A lurking horror (Abyss:3)
  4 plants (Lair:6)
  12 starspawn tentacles
  3 withered plants (Crypt:3)
79 creatures vanquished.

Grand Total: 2677 creatures vanquished

Notes
Turn   | Place    | Note
-------+----------+-------------------------------------------
     0 | D:1      | Peloso the Minotaur Fighter began the quest for the Orb.
     0 | D:1      | Reached XP level 1. HP: 19/19 MP: 0/0
   108 | D:1      | Reached XP level 2. HP: 26/27 MP: 1/1
   491 | D:2      | Reached XP level 3. HP: 30/33 MP: 2/2
   579 | D:2      | Found a radiant altar of Vehumet.
   599 | D:2      | Reached XP level 4. HP: 21/41 MP: 3/3
   624 | D:2      | Noticed Terence
   641 | D:2      | Killed Terence
   742 | D:2      | Noticed Sigmund
   761 | D:2      | Killed Sigmund
   761 | D:2      | Reached skill level 5 in Armour
   761 | D:2      | Reached XP level 5. HP: 21/47 MP: 4/4
   800 | D:2      | Reached XP level 6. HP: 30/53 MP: 5/5
   802 | D:2      | Reached skill level 5 in Shields
  1083 | D:2      | Noticed Robin
  1095 | D:2      | Killed Robin
  1522 | D:3      | Found an ancient bone altar of Kikubaaqudgha.
  1551 | D:3      | Reached skill level 1 in Dodging
  1708 | D:3      | Found a shadowy altar of Dithmenos.
  1770 | D:3      | Found a faded altar of an unknown god.
  1895 | D:3      | Noticed Jessica
  1901 | D:3      | Killed Jessica
  1901 | D:3      | Reached skill level 5 in Fighting
  2063 | D:4      | Found a glowing silver altar of Zin.
  2072 | D:4      | Reached XP level 7. HP: 60/61 MP: 6/6
  2114 | D:4      | Reached skill level 5 in Long Blades
  2420 | D:5      | Entered Level 5 of the Dungeon
  2423 | D:5      | Noticed Edmund
  2456 | D:4      | Killed Edmund
  2586 | D:5      | Found Nualloa's Weapon Emporium.
  2587 | D:5      | Noticed Ijyb
  2596 | D:5      | Killed Ijyb
  2772 | D:5      | Reached XP level 8. HP: 65/69 MP: 7/7
  2843 | D:5      | Found a runed translucent door.
  2849 | D:5      | Found Igycezux's Antique Weapon Shoppe.
  2905 | D:5      | Found Jicery's Armour Shop.
  2918 | D:5      | Found Magiamm's Distillery.
  2921 | D:5      | Bought a potion of lignification for 42 gold pieces
  2921 | D:5      | Bought a potion of flight for 42 gold pieces
  2945 | D:5      | Found Libbeull's Magic Scroll Shoppe.
  2948 | D:5      | Bought a scroll of teleportation for 36 gold pieces
  2948 | D:5      | Bought a scroll of fog for 24 gold pieces
  2948 | D:5      | Bought a scroll of identify for 24 gold pieces
  2961 | D:5      | Found a hide-covered altar of Uskayaw.
  3405 | D:6      | Found a basalt altar of Yredelemnul.
  3425 | D:6      | Found a white marble altar of Elyvilon.
  3449 | D:6      | Found an opulent altar of Gozag.
  4095 | D:7      | Noticed a hippogriff
  4140 | D:7      | Killed a hippogriff
  4303 | D:7      | Reached XP level 9. HP: 60/75 MP: 8/8
  4396 | D:7      | Paralysed by a hornet for 1 turns
  4719 | D:7      | Found a staircase to the Ecumenical Temple.
  4812 | Temple   | Entered the Ecumenical Temple
  4958 | Temple   | Became a worshipper of Warmaster Okawaru
  5675 | D:8      | Reached * piety under Okawaru
  5681 | D:8      | Got an encrusted flail
  5682 | D:8      | Identified the cursed +2 flail "Hydraslayer" {drain, Dex+2
                  | Stlth+} (You found it on level 8 of the Dungeon)
  6173 | D:8      | Noticed a two-headed ogre
  6177 | D:8      | Cast into level 1 of the Abyss (crimson imp)
  6224 | D:8      | Escaped the Abyss
  6236 | D:8      | Killed a two-headed ogre
  6236 | D:8      | Reached ** piety under Okawaru
  6236 | D:8      | Reached skill level 10 in Long Blades
  6236 | D:8      | Reached XP level 10. HP: 65/86 MP: 9/9
  6328 | D:8      | Found a burning altar of Makhleb.
  6329 | D:8      | Found a shimmering altar of Xom.
  6421 | D:8      | Found a sacrificial altar of Ru.
  6458 | D:9      | Noticed a two-headed ogre
  6474 | D:9      | Killed a two-headed ogre
  6474 | D:9      | Reached *** piety under Okawaru
  6474 | D:9      | Reached skill level 10 in Armour
  7349 | D:9      | Noticed Gastronok
  7371 | D:9      | Killed Gastronok
  7371 | D:9      | Reached **** piety under Okawaru
  7371 | D:9      | Reached skill level 1 in Stealth
  7371 | D:9      | Reached skill level 10 in Shields
  7410 | D:9      | Reached XP level 11. HP: 75/95 MP: 10/10
  7415 | D:9      | Found a staircase to the Lair.
  7441 | D:9      | Found a shattered altar of Ashenzari.
  7699 | D:10     | Entered Level 10 of the Dungeon
  8353 | D:11     | Noticed a two-headed ogre
  8370 | D:10     | Killed a two-headed ogre
  8545 | D:11     | Noticed Snorg
  8559 | D:11     | HP: 3/95 [Snorg (7)]
  8560 | D:11     | Killed Snorg
  8560 | D:11     | Received a gift from Okawaru
  8638 | D:11     | Noticed Fannar
  8642 | D:11     | HP: 4/97 [Fannar/refrigeration (27)]
  9101 | D:11     | Killed Fannar
  9101 | D:11     | Reached skill level 1 in Invocations
  9160 | D:11     | Noticed a two-headed ogre
  9160 | D:11     | Noticed a deep troll
  9160 | D:11     | Noticed a two-headed ogre
  9165 | D:11     | Noticed Mayroecu's ghost (journeyman MiFi)
  9171 | D:11     | Found a transporter.
  9171 | D:11     | Found a bloodstained altar of Trog.
  9171 | D:11     | Noticed a two-headed ogre
  9179 | D:11     | Found a transporter.
  9192 | D:11     | Identified the +1 war axe of the Sky {antimagic, rElec
                  | Str+2 Int+3}
  9192 | D:11     | Noticed a tengu warrior
  9217 | D:11     | Noticed an unseen horror
  9225 | D:11     | Killed an unseen horror
  9243 | D:11     | Received a gift from Okawaru
  9382 | D:11     | Noticed a red ugly thing
  9403 | D:11     | Killed a red ugly thing
  9407 | D:11     | Received a gift from Okawaru
  9587 | D:11     | Reached ***** piety under Okawaru
  9639 | D:11     | Reached XP level 12. HP: 30/105 MP: 8/12
 10969 | D:5      | Found a roughly hewn altar of Beogh.
 11078 | Lair:1   | Entered Level 1 of the Lair of Beasts
 11128 | Lair:1   | Reached skill level 10 in Fighting
 11741 | Lair:1   | Noticed a four-headed hydra
 11770 | Lair:1   | Killed a 17-headed hydra
 12734 | Lair:2   | Reached skill level 1 in Evocations
 12756 | Lair:2   | Received a gift from Okawaru
 13103 | Lair:2   | Found a staircase to the Swamp.
 13494 | Lair:2   | Noticed Sonja
 13497 | Lair:2   | You fall into a shaft and drop 1 floor!
 14001 | Lair:3   | Reached skill level 5 in Dodging
 14054 | Lair:3   | Reached ****** piety under Okawaru
 14389 | Lair:2   | Killed Sonja
 14405 | Lair:2   | Noticed Harold
 14429 | Lair:2   | Killed Harold
 14429 | Lair:2   | Reached XP level 13. HP: 99/115 MP: 10/13
 15386 | Lair:4   | Received a gift from Okawaru
 15391 | Lair:4   | Got a translucent chain mail {god gift}
 15402 | Lair:4   | Identified the +2 chain mail "Pyegomee" {Dex+4} (Okawaru
                  | gifted it to you on level 4 of the Lair of Beasts)
 16278 | Lair:4   | Found a hole to the Spider Nest.
 16506 | Lair:4   | You fall into a shaft and drop 2 floors!
 16506 | Lair:6   | Entered Level 6 of the Lair of Beasts
 16536 | Lair:6   | Noticed Rupert
 16548 | Lair:6   | Found a gate leading to a gauntlet.
 16557 | Gauntlet | Entered a Gauntlet
 16557 | Gauntlet | Found a transporter.
 16560 | Gauntlet | Found a transporter.
 16562 | Gauntlet | Found a transporter.
 16578 | Gauntlet | Found a transporter.
 16580 | Gauntlet | Found a transporter.
 16593 | Gauntlet | Found a transporter.
 16616 | Gauntlet | Found a transporter.
 16622 | Gauntlet | Found a transporter.
 16643 | Gauntlet | Found a transporter.
 16646 | Gauntlet | Found the +2 pair of boots of the Assassin {Detection Stab+
                  | Stlth++}
 16649 | Gauntlet | Found a transporter.
 16675 | Gauntlet | Found a transporter.
 16677 | Gauntlet | Found a transporter.
 16708 | Gauntlet | Found a transporter.
 16715 | Gauntlet | Found a transporter.
 16935 | Gauntlet | Got a pair of shimmering boots
 16946 | Gauntlet | Identified the +2 pair of boots "Qoesh" {Stlth+} (You found
                  | it in a Gauntlet)
 17177 | Gauntlet | Identified the +4 hand axe "Haquefek" {chop, rElec rF+}
 17177 | Gauntlet | Identified the ring "Noj Fuvu" {rPois rC+ rN+ Int+2 Dex+3
                  | Stlth+}
 17177 | Gauntlet | Noticed a minotaur
 17216 | Gauntlet | Killed a minotaur
 17225 | Gauntlet | Got a slimy dagger
 17847 | Lair:5   | Received a gift from Okawaru
 17862 | Lair:5   | Got a distressingly furry crystal plate armour {god gift}
 17873 | Lair:5   | Identified the +10 crystal plate armour of Qiwyxom {Int+3}
                  | (Okawaru gifted it to you on level 5 of the Lair of Beasts)
 18303 | Lair:1   | Identified the +6 dagger of Ditism {protect, rC++ rN+} (You
                  | found it in a Gauntlet)
 18606 | D:12     | Reached skill level 15 in Shields
 18830 | D:12     | Reached skill level 15 in Long Blades
 18872 | D:12     | Reached XP level 14. HP: 97/126 MP: 15/15
 19484 | D:12     | Found a staircase to the Orcish Mines.
 19813 | D:13     | Found a flagged portal.
 19829 | Bailey   | Entered a bailey
 20873 | Bailey   | Got a brightly glowing helmet
 21654 | D:13     | Got a faintly glowing short sword
 21657 | D:13     | Identified the cursed +2 short sword of Circularity
                  | {pierce, rPois} (You found it on level 13 of the Dungeon)
 21744 | D:13     | Paralysed by an orc sorcerer for 6 turns
 21768 | D:13     | Found a gate to the Vaults.
 21795 | D:13     | Received a gift from Okawaru
 22338 | D:11     | Killed Mayroecu's ghost
 23934 | Lair:6   | Identified the +2 helmet of the Desolation of Salt {*Drain
                  | rC+ Int+5 Stlth+} (You found it in a bailey)
 23941 | Lair:6   | Found a viscous altar of Jiyva.
 23942 | Lair:6   | Found a staircase to the Slime Pits.
 24016 | Lair:6   | Received a gift from Okawaru
 24019 | Lair:6   | Got a shimmering ring mail {god gift}
 24030 | Lair:6   | Identified the +5 ring mail "Kiuthrus" {*Corrode rN+ MR+}
                  | (Okawaru gifted it to you on level 6 of the Lair of Beasts)
 24361 | Lair:6   | Reached XP level 15. HP: 116/135 MP: 16/16
 25110 | Lair:6   | Killed Rupert
 25784 | Orc:1    | Entered Level 1 of the Orcish Mines
 25879 | Orc:1    | Noticed Delamore's ghost (novice HOFi)
 25912 | Orc:1    | Found a transporter.
 25919 | Orc:1    | Found a transporter.
 26089 | Orc:1    | Found a roughly hewn altar of Beogh.
 26298 | Orc:1    | Killed Delamore's ghost
 26304 | Orc:1    | Gained mutation: Scrolls take you a little longer to read.
                  | [a neqoxec]
 26334 | Orc:1    | Lost mutation: Scrolls take you a little longer to read.
                  | [potion of mutation]
 26334 | Orc:1    | Gained mutation: Your movements are slightly less
                  | encumbered by armour. (ER -2) [potion of mutation]
 26334 | Orc:1    | Gained mutation: You tend to lose your temper in combat.
                  | [potion of mutation]
 26334 | Orc:1    | Gained mutation: You are clumsy. (Dex -2) [potion of
                  | mutation]
 26334 | Orc:1    | Gained mutation: Your mind is acute. (Int +2) [potion of
                  | mutation]
 26532 | Lair:1   | Lost mutation: You are clumsy. (Dex -2) [potion of
                  | mutation]
 26532 | Lair:1   | Lost mutation: You tend to lose your temper in combat.
                  | [potion of mutation]
 26532 | Lair:1   | Gained mutation: You are covered in fur. (AC +1) [potion of
                  | mutation]
 26532 | Lair:1   | Gained mutation: You are agile. (Dex +2) [potion of
                  | mutation]
 26697 | Orc:2    | Entered Level 2 of the Orcish Mines
 27125 | Orc:2    | Found a staircase to the Elven Halls.
 27268 | Orc:2    | Found a burning altar of Makhleb.
 27530 | Orc:2    | Lost mutation: You are covered in fur. (AC +1) [a neqoxec]
 28032 | Orc:2    | Found Qedulid's Jewellery Shop.
 28032 | Orc:2    | Found Qovaq's Jewellery Emporium.
 28034 | Orc:2    | Found Liun's Jewellery Shop.
 28034 | Orc:2    | Found Ydau's Weapon Emporium.
 28043 | Orc:2    | Bought a cursed ring of attention for 67 gold pieces
 28043 | Orc:2    | Bought a cursed ring of teleportation for 67 gold pieces
 28047 | Orc:2    | Bought the ring "Nyugosoe" {AC+5 Slay+4 SInv} for 1162 gold
                  | pieces
 28421 | D:14     | Noticed Louise
 28448 | D:14     | Killed Louise
 28645 | D:14     | Received a gift from Okawaru
 28670 | D:14     | Reached skill level 15 in Armour
 28972 | D:15     | Entered Level 15 of the Dungeon
 28972 | D:15     | Noticed Kirke
 29102 | D:15     | Killed Kirke
 29188 | D:15     | Found a staircase to the Depths.
 29188 | D:15     | Noticed a fire giant
 29207 | D:15     | Killed a fire giant
 29781 | D:15     | Reached XP level 16. HP: 146/146 MP: 18/18
 30712 | Swamp:1  | Entered Level 1 of the Swamp
 31026 | Swamp:1  | Received a gift from Okawaru
 31267 | Swamp:1  | Noticed Nikola
 31642 | Swamp:1  | Killed Nikola
 31955 | Swamp:2  | You fall into a shaft and drop 1 floor!
 32225 | Swamp:2  | Paralysed by a hornet for 3 turns
 33024 | Swamp:3  | Received a gift from Okawaru
 33563 | Swamp:3  | Reached skill level 15 in Fighting
 33669 | Swamp:4  | Entered Level 4 of the Swamp
 33871 | Swamp:4  | Reached XP level 17. HP: 88/156 MP: 19/19
 35585 | Swamp:4  | Received a gift from Okawaru
 35890 | Swamp:4  | Got a decaying rune of Zot
 36469 | Spider:1 | Entered Level 1 of the Spider Nest
 36587 | Spider:1 | Received a gift from Okawaru
 36679 | Spider:1 | Found a large runed translucent door.
 36681 | Spider:1 | Found a large runed translucent door.
 36682 | Spider:1 | Noticed Tycsat's ghost (journeyman GnSk)
 38116 | Spider:2 | Noticed Donald
 38127 | Spider:2 | Killed Donald
 38958 | Spider:3 | Received a gift from Okawaru
 39003 | Spider:3 | Paralysed by a hornet for 2 turns
 39380 | Spider:4 | Entered Level 4 of the Spider Nest
 39470 | Spider:4 | Found a frozen archway.
 39479 | IceCv    | Entered an ice cave
 39614 | IceCv    | Received a gift from Okawaru
 39832 | IceCv    | Reached XP level 18. HP: 164/166 MP: 20/20
 39854 | IceCv    | Got a twisted scimitar {god gift}
 39855 | IceCv    | Identified the +1 scimitar of Momoir {elec, rC+ Int-3
                  | Dex+2} (Okawaru gifted it to you in an ice cave)
 39867 | IceCv    | Found the +10 large shield of Ignorance {rN+ Int-4}
 40400 | Spider:4 | Received a gift from Okawaru
 40487 | Spider:4 | Received a gift from Okawaru
 40490 | Spider:4 | Got a pair of shimmering boots {god gift}
 40505 | Spider:4 | Identified the -2 pair of boots "Halived" {rC+} (Okawaru
                  | gifted it to you on level 4 of the Spider Nest)
 40786 | Spider:4 | Found a runed translucent gate.
 40787 | Spider:4 | Found a runed translucent gate.
 40788 | Spider:4 | Found a runed translucent gate.
 40790 | Spider:4 | Noticed Cuth's ghost (journeyman DDFi)
 40829 | Spider:4 | Killed Cuth's ghost
 41085 | Spider:4 | Got a gossamer rune of Zot
 41568 | Vaults:1 | Entered Level 1 of the Vaults
 41568 | Vaults:1 | Found Duny's Weapon Shoppe.
 41916 | Vaults:1 | Noticed Agnes
 41929 | Vaults:1 | Killed Agnes
 41954 | Vaults:1 | Received a gift from Okawaru
 42405 | Vaults:1 | Noticed Sojobo
 42426 | Vaults:1 | Killed Sojobo
 43017 | Vaults:2 | Noticed an Ice Fiend
 43211 | Vaults:2 | Cast into level 3 of the Abyss (a deep elf demonologist)
 43337 | Abyss:3  | Reached XP level 19. HP: 174/174 MP: 21/21
 43379 | Abyss:3  | Received a gift from Okawaru
 43552 | Vaults:2 | Escaped the Abyss
 44270 | Vaults:2 | Found Biangiot's Gadget Shoppe.
 44273 | Vaults:2 | Bought a wand of digging (3) for 252 gold pieces
 44446 | Vaults:2 | Received a gift from Okawaru
 44813 | Vaults:2 | Received a gift from Okawaru
 44840 | Vaults:2 | Got a smelly scale mail {god gift}
 45041 | Vaults:2 | Got a jewelled buckler
 45052 | Vaults:2 | Identified the +4 buckler "Kiumief" {*Drain +Blink rPois
                  | SInv} (You found it on level 2 of the Vaults)
 45407 | Vaults:2 | Identified the +1 scale mail "Rabaudghi" {+Fly} (Okawaru
                  | gifted it to you on level 2 of the Vaults)
 45465 | Vaults:3 | Found a glowing silver altar of Zin.
 45870 | Vaults:3 | Found a large runed translucent door.
 45870 | Vaults:3 | Found a large runed translucent door.
 45871 | Vaults:3 | Found a large runed translucent door.
 45871 | Vaults:3 | Found a large runed translucent door.
 45871 | Vaults:3 | Noticed Xafer's ghost (adept DsGl)
 45872 | Vaults:3 | Found a large runed translucent door.
 45872 | Vaults:3 | Found a large runed translucent door.
 45880 | Vaults:3 | Found a large runed translucent door.
 45880 | Vaults:3 | Found a large runed translucent door.
 45979 | Vaults:3 | Reached XP level 20. HP: 187/187 MP: 22/22
 46278 | Vaults:3 | Received a gift from Okawaru
 46514 | Vaults:3 | Found a staircase to the Crypt.
 47518 | Vaults:4 | Cast into level 3 of the Abyss (a deep elf sorcerer)
 47534 | Abyss:3  | Found a corrupted altar of Lugonu.
 47751 | Abyss:3  | Received a gift from Okawaru
 47820 | Vaults:4 | Escaped the Abyss
 48422 | Vaults:5 | Entered Level 5 of the Vaults
 48574 | Vaults:5 | Noticed a golden dragon
 48593 | Vaults:4 | Received a gift from Okawaru
 48839 | Vaults:4 | Killed a golden dragon
 48899 | Vaults:4 | Reached XP level 21. HP: 159/196 MP: 23/23
 48994 | Vaults:5 | Noticed an ancient lich
 49060 | Vaults:5 | Cast into level 4 of the Abyss (vault warden)
 49136 | Abyss:4  | Paralysed by you for 4 turns
 49253 | Abyss:4  | Received a gift from Okawaru
 49254 | Abyss:4  | Got a wizard robe {god gift}
 49259 | Vaults:5 | Escaped the Abyss
 49496 | Vaults:5 | Got a transparent cloak
 49507 | Vaults:5 | Identified the +1 cloak of the Bull {Str+4 Int+4} (You
                  | found it on level 5 of the Vaults)
 49536 | Vaults:5 | Got a faintly glowing chain mail
 49547 | Vaults:5 | Identified the cursed +1 chain mail of Unreason {rPois
                  | Str+2} (You found it on level 5 of the Vaults)
 49739 | Vaults:5 | Identified the amulet of Awe {Spirit rC+}
 49998 | Vaults:5 | Paralysed by a sphinx for 5 turns
 50005 | Vaults:5 | Reached skill level 27 in Shields
 50023 | Vaults:5 | Identified the Reference Book on Bewitching Venom
 51446 | Vaults:5 | Killed an ancient lich
 51446 | Vaults:5 | Received a gift from Okawaru
 52193 | Vaults:5 | Got a silver rune of Zot
 52293 | Vaults:5 | Noticed a golden dragon
 52313 | Vaults:5 | Killed a golden dragon
 52353 | Vaults:5 | Received a gift from Okawaru
 52408 | Vaults:5 | Reached XP level 22. HP: 133/209 MP: 21/24
 52693 | Vaults:5 | Identified the Compendium of Congealing Heat
 53968 | Elf:1    | Entered Level 1 of the Elven Halls
 54106 | Elf:1    | Found Lynkaxt's Assorted Antiques.
 54186 | Elf:1    | Found Reazaik's Food Shop.
 54228 | Elf:1    | Found Etruc's Food Boutique.
 54233 | Elf:1    | Found Ziukonli's General Store.
 54383 | Elf:1    | Paralysed by an orc sorcerer for 4 turns
 54502 | Elf:1    | Received a gift from Okawaru
 54671 | Elf:1    | Found Girup's Distillery.
 54679 | Elf:1    | Bought a potion of berserk rage for 80 gold pieces
 54679 | Elf:1    | Bought a potion of might for 64 gold pieces
 54679 | Elf:1    | Bought a potion of berserk rage for 80 gold pieces
 54679 | Elf:1    | Bought a potion of cancellation for 128 gold pieces
 54763 | Elf:1    | Got a brightly glowing ivory ring
 54764 | Elf:1    | Identified the ring "Cayrhyucw" {rF+++ rC- Str+4 Dex+4}
                  | (You found it on level 1 of the Elven Halls)
 55151 | Elf:2    | Found Keug's Antique Armour Shoppe.
 55381 | Elf:3    | Entered Level 3 of the Elven Halls
 55413 | Elf:2    | Found a runed translucent gate.
 55413 | Elf:2    | Found a runed translucent gate.
 55416 | Elf:2    | Found a runed translucent gate.
 55474 | Elf:3    | Noticed Mara
 55482 | Elf:3    | Noticed Peloso's illusion
 55491 | Elf:3    | Killed Mara
 55874 | Elf:2    | Noticed Saint Roka
 56088 | Elf:2    | Killed Saint Roka
 56639 | Elf:2    | Received a gift from Okawaru
 57250 | Elf:3    | Identified a scroll of acquirement
 57274 | Elf:3    | Reached XP level 23. HP: 222/222 MP: 25/25
 57294 | Elf:3    | Cast into level 3 of the Abyss (a deep elf sorcerer)
 57477 | Elf:3    | Escaped the Abyss
 57481 | Elf:3    | Received a gift from Okawaru
 57754 | Elf:3    | Identified the +2 plate armour of Agnosticism {rC+ Int+2
                  | Dex+4}
 57932 | Elf:3    | Identified the ring "Gaixitz" {rF++ rC+}
 59864 | Depths:1 | Entered Level 1 of the Depths
 59867 | Depths:1 | Found a gateway to Hell.
 59963 | Depths:1 | Paralysed by a vampire knight for 6 turns
 60128 | Depths:1 | Received a gift from Okawaru
 60209 | Depths:1 | Got a vibrating steel ring
 60220 | Depths:1 | Identified the +3 quarterstaff of Psychosis {flame, rPois
                  | Int-5 Dex+4}
 60360 | Depths:1 | Found Qapnon Gimopn's Jewellery Emporium.
 60360 | Depths:1 | Found Cecasm's Gadget Boutique.
 60361 | Depths:1 | Found Juirghesa's Jewellery Emporium.
 60613 | Depths:1 | Found a runed translucent door.
 60613 | Depths:1 | Noticed topse86's ghost (adept NaEn)
 61453 | Depths:1 | Found a one-way gate to the infinite horrors of the Abyss.
 61494 | Depths:1 | Identified the ring of the King {+Blink rF+ rN+++ Dex-4
                  | SInv} (You found it on level 1 of the Depths)
 61508 | Depths:1 | Got a crude brass ring
 61509 | Depths:1 | Identified the ring of Freedom {*Corrode rElec rF+++ EV+2
                  | Dex+4} (You found it on level 1 of the Depths)
 61573 | Depths:1 | Identified Minicyonn's Disquisition on Dusty Poisoning
 62250 | Depths:1 | Killed topse86's ghost
 62250 | Depths:1 | Received a gift from Okawaru
 62506 | Depths:2 | Got a smoking scale mail
 62508 | Depths:2 | Identified the cursed +0 scale mail of Goikukos {rN+
                  | Slay+5} (You found it on level 2 of the Depths)
 62584 | Depths:2 | Reached XP level 24. HP: 231/231 MP: 25/25
 63606 | Crypt:1  | Entered Level 1 of the Crypt
 63606 | Crypt:1  | Noticed Aizul
 63612 | Crypt:1  | Killed Aizul
 63951 | Crypt:1  | Noticed Xtahua
 63964 | Crypt:1  | Killed Xtahua
 63964 | Crypt:1  | Received a gift from Okawaru
 63967 | Crypt:1  | Got an ancient scimitar {god gift}
 63970 | Crypt:1  | Identified the +4 scimitar "Ogre's Undoing" {holy, Dex+4}
                  | (Okawaru gifted it to you on level 1 of the Crypt)
 64316 | Crypt:2  | Paralysed by a vampire knight for 6 turns
 64367 | Crypt:2  | Noticed Khufu
 64631 | Crypt:2  | Noticed a greater mummy
 64632 | Crypt:2  | Noticed a greater mummy
 64957 | Crypt:1  | Killed Khufu
 65222 | Crypt:1  | Killed a greater mummy
 65474 | Crypt:2  | Killed a greater mummy
 66084 | Crypt:2  | Found a transporter.
 66089 | Crypt:2  | Received a gift from Okawaru
 66150 | Crypt:2  | Found a shimmering blue altar of Sif Muna.
 66158 | Crypt:2  | Noticed an ancient lich
 66452 | Crypt:2  | Noticed a greater mummy
 66463 | Crypt:2  | Killed a greater mummy
 66668 | Crypt:2  | Killed an ancient lich
 66685 | Crypt:2  | Reached XP level 25. HP: 217/244 MP: 25/25
 66720 | Crypt:2  | Found a transporter.
 66871 | Crypt:3  | Entered Level 3 of the Crypt
 67069 | Crypt:3  | Received a gift from Okawaru
 67489 | Crypt:3  | Noticed an ancient lich
 67504 | Crypt:3  | Killed an ancient lich
 67917 | Crypt:3  | Identified Wirpheacs's Guide on the Assistive Mountains
 67938 | Crypt:3  | Got a smoking dagger
 67945 | Crypt:3  | Identified the +3 dagger of Uskayaw's Envy {venom, rN+
                  | Int+6} (You found it on level 3 of the Crypt)
 68020 | Crypt:3  | Found the +9 sword of Zonguldrok {reap}
 68755 | Crypt:3  | Found an ancient bone altar of Kikubaaqudgha.
 68872 | Crypt:3  | Found a staircase to the Tomb.
 70226 | Depths:3 | Received a gift from Okawaru
 70735 | Depths:3 | Noticed Mennas
 70751 | Depths:3 | Killed Mennas
 71248 | Depths:3 | Cast into level 2 of the Abyss (a wizard)
 71294 | Abyss:2  | Got a faintly glowing jade amulet
 71454 | Abyss:2  | Received a gift from Okawaru
 71604 | Abyss:2  | Received a gift from Okawaru
 71708 | Depths:3 | Escaped the Abyss
 71735 | Depths:3 | Found Niesh's Antique Armour Shoppe.
 71747 | Depths:3 | Reached XP level 26. HP: 256/262 MP: 25/25
 71768 | Depths:3 | Found a one-way gate leading to the halls of Pandemonium.
 71983 | Depths:3 | Got a warped rapier
 71984 | Depths:3 | Identified the +6 rapier "Jellyslayer" {distort, -Tele
                  | rElec rPois SInv} (You found it on level 3 of the Depths)
 71986 | Depths:3 | Identified the amulet of Qynauh {Gourm rPois Str+7} (You
                  | found it on level 2 of the Abyss)
 72139 | Depths:4 | Received a gift from Okawaru
 72159 | Depths:4 | Reached skill level 27 in Long Blades
 72177 | Depths:4 | Identified a +1 pair of boots of running (Okawaru gifted it
                  | to you on level 4 of the Depths)
 72429 | Depths:4 | Reached skill level 27 in Fighting
 72435 | Depths:4 | Noticed a juggernaut
 72448 | Depths:4 | Killed a juggernaut
 72517 | Depths:4 | Found a gateway to a ziggurat.
 72952 | Depths:5 | Entered Level 5 of the Depths
 73056 | Depths:5 | Found a gate to the Realm of Zot.
 74022 | Depths:5 | Paralysed by a vampire knight for 2 turns
 74385 | Depths:5 | Received a gift from Okawaru
 74771 | Depths:5 | Paralysed by a floating eye for 3 turns
 74937 | Depths:5 | Received a gift from Okawaru
 74975 | Depths:5 | Reached XP level 27. HP: 96/271 MP: 15/25
 75489 | Depths:5 | Received a gift from Okawaru
 76379 | Slime:1  | Entered Level 1 of the Pits of Slime
 76721 | Slime:5  | Entered Level 5 of the Pits of Slime
 77143 | Slime:5  | Noticed the Royal Jelly
 77153 | Slime:5  | Killed the Royal Jelly
 77153 | Slime:5  | Received a gift from Okawaru
 77182 | Slime:5  | HP: 12/272 [acid blob[the Royal Jelly] (11)]
 77183 | Slime:5  | HP: 3/272 [acid[the Royal Jelly] (6)]
 77183 | Slime:5  | Mangled by an acid blob

Levels and vault maps discovered:
D:1:      sevenhm_arrival_forest_fort_small_3, layout_rooms
D:2:      layout_loops_ring, lemuel_doored_altar, kennysheep_cross_bottleneck,
          uniq_terence, uniq_sigmund, uniq_robin
D:3:      layout_basic, grunt_dithmenos_smoke_and_mirrors, lemuel_round_altar,
          first_ration, chequers_ecumenical_altar_grove, uniq_jessica
D:4:      layout_rooms, lemuel_round_altar, grunt_ministairs_5,
          eino_tiny_chamber, serial_bayou_pond_a
D:5:      layout_cave_pools, kennysheep_mini_moat, serial_shops,
          nicolae_shop_overgrown_old_shop, shop, nicolae_shop_behind_doors,
          nicolae_shop_behind_doors, shop_statue, lightli_church_of_beogh,
          uniq_ijyb, uniq_edmund
D:6:      layout_cave_pods, yredelemnul_forgotten_temple_becter,
          old_standard_altar, nicolae_gozag_cash_rules_everything_around_me
D:7:      layout_layer_cave, temple_green
D:8:      layout_rooms, nicolae_ru_the_path_less_chosen,
          grunt_temple_overflow_champion_of_chaos
D:9:      layout_basic, cheibrodos_ashenzari_chains, erik_lair_orcish_takeover,
          uniq_gastronok
D:10:     layout_rooms
D:11:     kb_forest_paths, layout_rooms, gammafunk_ghost_wrathful_warriors,
          uniq_snorg, uniq_fannar
D:12:     layout_basic, hiddenorc1_lemuel
D:13:     layout_rooms, grunt_vaults_entry_fortified, enter_bailey_2
D:14:     layout_roguey [special_room_mythical_zoo], uniq_louise
D:15:     grunt_enter_depths_giant_problem, layout_gridville, serial_rivers,
          chequers_serial_rivers_room_b, chequers_serial_rivers_small_a,
          chequers_serial_rivers_large_a, chequers_serial_rivers_large_b,
          uniq_kirke
Temple:   grunt_temple_mini_profane
Lair:1:   layout_gridlike
Lair:2:   layout_regular_city, nicolae_swamp_entry_splash_gauntlet, uniq_harold,
          uniq_sonja
Lair:3:   layout_long_grid, serial_rivers, chequers_serial_rivers_micro_c,
          chequers_serial_rivers_micro_b, chequers_serial_rivers_marsh,
          chequers_serial_rivers_micro_e
Lair:4:   layout_gridlike, nicolae_spider_entry_orb_guardian, grunt_megastairs_3
Lair:5:   layout_hall_layers, lemuel_fruit_tree
Lair:6:   evilmike_catoblepas_cave, layout_hall_layers, slime_altar_1,
          gauntlet_entry_generic, grunt_megastairs_1, infiniplex_staircase_pool,
          uniq_rupert
Swamp:1:  layout_falls_marsh, nicolae_swamp_dense_foliage, uniq_nikola
Swamp:2:  layout_basic_swamp, evilmike_swamp_ruin_rubble_1
Swamp:3:  layout_basic_swamp, hangedman_swamp_cone
Swamp:4:  swamp_fiery, layout_basic_swamp
Spider:1: layout_chambers, ebering_ghost_disaster_area, drop_trap
Spider:2: layout_chambers, uniq_donald
Spider:3: layout_spider_delve
Spider:4: grunt_spider_rune_circles, portal_ice_cave_entry_pillars_1,
          ebering_ghost_rock_garden
Slime:1:  layout_caves
Slime:2:  layout_caves
Slime:3:  layout_caves
Slime:4:  layout_caves, nicolae_slime_round_cave
Slime:5
Orc:1:    layout_caves, gammafunk_ghost_stat_death, mines1_david
Orc:2:    grunt_orc_tribal_feast, layout_caves, basic_altar
Elf:1:    minmay_the_grid_3x2 [minmay_the_grid_dragon_b,
          minmay_the_grid_minigrid_small, minmay_the_grid_dragon_a,
          minmay_the_grid_all_tris, minmay_the_grid_plusring,
          minmay_the_grid_prize_inner_circle], layout_loops_cross, serial_shops,
          shop_statue, shop, shop, shop,
          nicolae_shop_competitors_out_of_business,
          kennysheep_underground_church
Elf:2:    layout_geoelf_octagon, serial_shops, shop_statue, minivault_27,
          hex_medium, uniq_agnes, uniq_saint_roka
Elf:3:    grunt_elf_hall_asides, layout_geoelf_octagon, uniq_mara
Vaults:1: v_alt_pattern_5, sword_in_stone, v_misc_16, nicolae_vaults_asterisk,
          vaults_dpeg_ring, ontoclasm_vaults_chip, hangedman_vaults_impose,
          layout_vaults_omnigrid, serial_shops, nicolae_shop_waterfront
Vaults:2: v_alt_pattern_6, nicolae_vaults_little_ls, vaults_room_fancy_cross,
          v_misc_8, v_misc_2, vaults_room_ringed_pool, v_alt_pattern_1,
          nicolae_vaults_murderbox, hangedman_vaults_river_flow,
          grunt_vaults_funnel, nicolae_vaults_circle_grid_a, v_rooms_2,
          vaults_room_fancy_cross, nicolae_vaults_little_squares_2,
          layout_vaults_maze_bifur, serial_shops, nicolae_shop_behind_doors
Vaults:3: advil_vaults_ghost_lines, minmay_crypt_entry_vampire_xt,
          vaults_dpeg_spiral, ontoclasm_vaults_twist, vaults_dpeg_hooks,
          v_rooms_6, hangedman_vaults_stretched_pinwheel, v_misc_14,
          ontoclasm_vaults_idyll, layout_vaults_omnibox, basic_altar
Vaults:4: v_rooms_3, vaults_room_door_hall, ontoclasm_vaults_bender,
          ontoclasm_vaults_spin, nicolae_vaults_little_squares_2,
          nicolae_vaults_circle_grid_a, dpeg_vaults_monster_row,
          ontoclasm_vaults_fault, v_alt_pattern_2, hangedman_vaults_hat,
          vaults_room_pools, vaults_room_pool, layout_vaults_omnicross
Vaults:5
Crypt:1:  layout_misc_corridors, uniq_xtahua, uniq_aizul
Crypt:2:  gammafunk_sealed_library, layout_chaotic_city, uniq_khufu
Crypt:3:  evilmike_haunted_forest
Depths:1: gold_lair_mu, layout_cave_shapes, chequers_serial_rivers_marsh,
          pf_vacation_house_of_asmodeus, ebering_ghost_inner_flame, abyss_entry,
          minmay_three_doors, minmay_shop_grove, serial_bayou_shore_a
Depths:2: evilmike_diamond_1, layout_long_grid, minmay_misc_feat_secret_circle,
          hell_entry, serial_sigils_hangedman_shear,
          serial_sigils_hangedman_scar, minmay_staircase_bubble, firewood_loft,
          serial_bayou_shore_b
Depths:3: kennysheep_snake, layout_gridlike, pan_entry, lightli_too_deep,
          serial_shops, kennysheep_little_box, uniq_mennas
Depths:4: minmay_shrinking_squares, layout_long_grid, enter_ziggurat_c,
          nicolae_abyss_entry_one_way_or_another, hell_entry, grunt_tough_drop,
          infiniplex_staircase_pool_2, grunt_megastairs_2
Depths:5: evilmike_zot_entry_argh, layout_gridlike, abyss_entry_crystal,
          ebering_dispersal_statue_hall, hell_entry, kennysheep_kite_vault

Skill      XL: |  1  2  3  4  5  6  7  8  9 10 11 12 13 14 15 16 17 18 19 20 21 22 23 24 25 26 27 |
---------------+----------------------------------------------------------------------------------+-----
Fighting       | 4 5 6 7 8 9 10 12 13 14 15 16 18 20 21 23 24 26 27 | 27.0
Armour         | 4 5 6 8 9 10 11 12 13 14 15 16 17 18 19 20 21 22 25 26 | 26.9
Shields        | 4 5 6 7 9 10 12 13 15 17 18 20 22 23 25 26 27 | 27.0
Long Blades    | 3 4 6 8 10 11 13 14 15 16 17 18 19 20 21 22 24 25 26 27 | 27.0
Dodging        | 1 2 3 4 5 6 |  6.0
Stealth        | 1 2 3 |  3.0
Invocations    | 1 2 3 4 |  4.7
Evocations     | 1 2 3 4 |  4.0
Unarmed Combat | |  0.6

Action                   |  1- 3 |  4- 6 |  7- 9 | 10-12 | 13-15 | 16-18 | 19-21 | 22-24 | 25-27 || total
-------------------------+-------+-------+-------+-------+-------+-------+-------+-------+-------++-------
Melee: Long sword        |    73 |   185 |   155 |       |   171 |       |       |       |       ||   584
       Headbutt          |    13 |    39 |    84 |   273 |   749 |   665 |   705 |   636 |   536 ||  3700
       Falchion          |       |       |   167 |   958 |  1856 |       |       |       |       ||  2981
       Scimitar          |       |       |       |       |   127 |  1187 |       |       |       ||  1314
       Demon blade       |       |       |       |       |       |   674 |  1693 |  1206 |    35 ||  3608
       Unarmed           |       |       |       |       |       |       |    12 |       |       ||    12
       Double sword      |       |       |       |       |       |       |       |   522 |  1401 ||  1923
Invok: Heroism           |       |       |     1 |    14 |    39 |     8 |     2 |     2 |     1 ||    67
       Finesse           |       |       |       |     1 |     3 |       |       |       |       ||     4
Evoke: Wand              |       |       |       |    10 |     9 |    14 |     3 |     3 |     1 ||    40
  Use: Scroll            |       |     1 |    10 |     4 |    18 |    13 |     3 |    21 |     6 ||    76
       Potion            |       |       |     2 |     5 |     5 |     2 |     2 |     2 |     4 ||    22
 Stab: Paralysed         |       |       |       |     1 |       |       |       |       |       ||     1
       Distracted        |       |       |       |       |     1 |       |       |       |     1 ||     2
       Confused          |       |       |       |       |       |     3 |       |       |       ||     3
       Invisible         |       |       |       |       |       |       |     1 |       |       ||     1
       Petrifying        |       |       |       |       |       |       |     1 |       |       ||     1
  Eat: Chunk             |       |     4 |    14 |    26 |    35 |    23 |    25 |    26 |    39 ||   192
       Ration            |       |       |       |       |     5 |     7 |     1 |     7 |     3 ||    23
Armor: Scale mail        |    44 |     7 |       |       |       |       |       |       |       ||    51
       Chain mail        |       |   105 |   134 |   308 |   140 |       |       |       |       ||   687
       Crystal plate arm |       |       |       |       |   699 |   959 |   610 |   692 |   555 ||  3515
       Skin              |       |       |       |       |       |       |     1 |       |       ||     1
Dodge: Dodged            |    34 |    43 |   104 |   255 |   462 |   493 |   319 |   373 |   279 ||  2362
       Deflected         |       |       |       |       |       |     2 |    16 |       |       ||    18
Block: Shield            |    51 |   115 |   182 |   530 |  1135 |       |       |       |       ||  2013
       Large shield      |       |       |       |       |   206 |  2389 |  2098 |  2153 |  1792 ||  8638
       Reflection        |       |       |       |       |       |    29 |   133 |   158 |    97 ||   417
       Rpst.: Long sword |     4 |    12 |    20 |       |     2 |       |       |       |       ||    38
       Falchion          |       |       |    11 |    71 |    98 |       |       |       |       ||   180
       Scimitar          |       |       |       |       |     3 |    43 |       |       |       ||    46
       Demon blade       |       |       |       |       |       |    26 |    51 |    30 |       ||   107
       Double sword      |       |       |       |       |       |       |       |    16 |    37 ||    53
